 Dungeon Sprint DCSS version 0.22-a0-93-g6b88ebb (webtiles) character file.

1600000 Rottenbandages the Imperceptible (level 17, -27/157 HPs)
             Began as a Formicid Summoner on Jan 24, 2018.
             Was a Believer of Makhleb.
             Annihilated by a meat berserker
             ... wielding a +9 battleaxe
              (64 damage)
             ... in the Dungeon (Sprint VIII: "Arena of Blood").
             The game lasted 00:00:35 (16 turns).

Rottenbandages the Imperceptible (Formicid Summoner)  Turns: 16, Time: 00:00:36

Health: -27/157    AC:  2    Str: 14    XL:     17   Next: 70%
Magic:  5/40       EV: 26    Int: 16    God:    Makhleb [**....]
Gold:   0          SH:  0    Dex: 16    Spells: 53/54 levels left

rFire    . . .     SeeInvis +   j - +∞ Axe of Woe
rCold    . . .     Gourm    .   (no shield)
rNeg     . . .     Faith    .   a - +0 robe
rPois    .         Spirit   .   (helmet unavailable)
rElec    .         Reflect  .   (no cloak)
rCorr    .         Harm     .   (no gloves)
MR       +....                  (no boots)
Stlth    +++++++++.             (no amulet)
HPRegen  0.36/turn              (no ring)
MPRegen  0.27/turn              (no ring)

@: no status effects
A: permanent stasis, dig shafts and tunnels, four strong arms, antennae 3
a: Dig, Minor Destruction, Renounce Religion


You were in the Dungeon.
You worshipped Makhleb.
Makhleb was pleased with you.
You were not hungry.

You visited 1 branch


Innate Abilities, Weirdness & Mutations

You cannot be hasted, slowed, berserked, paralysed or teleported.
You can dig through walls and to a lower floor.
Your four strong arms can wield two-handed weapons with a shield.
You have a pair of large antennae on your head. (SInv)


   Skills:
 + Level 20.7 Fighting
 + Level 19.3 Axes
 + Level 18.1 Dodging
 + Level 23.8 Stealth
 + Level 19.4 Spellcasting
 + Level 19.6 Summonings
 + Level 22.2 Invocations


You had 53 spell levels left.
You knew the following spells:

 Your Spells              Type           Power        Failure   Level  Hunger
y - Summon Small Mammal   Summ           ####         0%          1    None

Inventory:

Hand Weapons
 j - the +∞ Axe of Woe (weapon)
Armour
 a - a +0 robe (worn)
Scrolls
 i - a scroll of blinking
Potions
 d - a potion of curing
 e - a potion of heal wounds
 f - a potion of haste
 g - 2 potions of magic
 h - a potion of berserk rage
Books
 b - a book of Callings

   Spells                             Type                      Level
   a - Summon Small Mammal            Summoning                    1
   b - Call Imp                       Summoning                    2
   c - Call Canine Familiar           Summoning                    3
   d - Summon Guardian Golem          Hexes/Summoning              3
   e - Summon Lightning Spire         Summoning/Air                4
   f - Summon Ice Beast               Ice/Summoning                4
Comestibles
 c - a ration

Dungeon Overview and Level Annotations

Branches:
Dungeon (1/1)

Altars:
Makhleb

.....▒.....▒ ....
....▒_.<._▒.....
....▒.....▒.....
......._........
......▒.▒.......
o▒▒▒..)....▒▒▒.. .
▒...))..▒ .
....▒..)...o▒..
...o.ooOa........
.....oo.O........▒
...o............▒.
...oo...Oo....▒▒..
....▒........▒.. .
....O...ooo..▒...
...▒▒.▒......o ..
.......o...


You could see 2 large bags of meat, 2 meat berserkers and 15 bags of meat.


Message History

Your Stealth skill gained 2 levels and is now at level 23!!!
Your Spellcasting skill increases to level 18!!!
Your Summonings skill gained 2 levels and is now at level 19!!!
Your Invocations skill increases to level 21!!!
You have reached level 17!!!
You hear a shout!!! x8
The bag of meat hits you with a +9 war axe!!!!!!!!!
You regained 56 hp, and now have 84/155 hp! 2 orcs come into view!
You hear a shout!!! x10; The bag of meat shouts!!! x2
You carve the bag of meat like a ham!!!!!!
You fatally mangle the bag of meat!
You annihilate the bag of meat!!!
Makhleb roars: ANNIHILATED!
You feel better!
Your Axes skill increases to level 19!!!
Your Dodging skill increases to level 18!!!
Your Spellcasting skill increases to level 19!!!
Your Invocations skill increases to level 22!!!
You hear a shout!!! x4
The meat berserker rages!
You hear a shout!!! x6
The meat berserker hits you with a +9 BATTLEAXE!!!!!!!!!!!!
DANG * * * don't die
* * * You hear a shout!!! x2
The bag of meat appears out of thin air!!!
A bag of meat comes into view! It is wielding a +9 war axe!
The meat berserker hits you with a +9 BATTLEAXE!!!!!!!!! rip

Action                   |  1- 3 |  4- 6 |  7- 9 | 10-12 | 13-15 | 16-18 || total
-------------------------+-------+-------+-------+-------+-------+-------++-------
Melee: Executioner's axe |     1 |       |       |     1 |     2 |     1 ||     5
 Abil: Dig               |     1 |       |       |       |       |       ||     1
Dodge: Dodged            |     1 |       |       |       |       |       ||     1

Vault maps used:
D:        meatsprint

Notes
Turn   | Place    | Note
-------+----------+-------------------------------------------
     0 | D        | Found the +∞ Axe of Woe
     0 | D        | Rottenbandages the Formicid Summoner began the quest for the Orb.
     0 | D        | Reached XP level 1. HP: 13/13 MP: 3/3
     3 | D        | Noticed a bag of meat
     3 | D        | Noticed a bag of meat
     4 | D        | Became a worshipper of Makhleb the Destroyer
     5 | D        | Noticed a bag of meat
     7 | D        | Killed a bag of meat
     7 | D        | Reached skill level 12 in Fighting
     7 | D        | Reached skill level 11 in Axes
     7 | D        | Reached skill level 10 in Dodging
     7 | D        | Reached skill level 14 in Stealth
     7 | D        | Reached skill level 11 in Spellcasting
     7 | D        | Reached skill level 12 in Summonings
     7 | D        | Reached skill level 13 in Invocations
     7 | D        | Reached XP level 2. HP: 38/38 MP: 3/14
     7 | D        | Reached XP level 3. HP: 44/44 MP: 3/16
     7 | D        | Reached XP level 4. HP: 51/51 MP: 3/17
     7 | D        | Reached XP level 5. HP: 57/57 MP: 3/19
     7 | D        | Reached XP level 6. HP: 64/64 MP: 3/20
     7 | D        | Reached XP level 7. HP: 70/70 MP: 3/22
     7 | D        | Reached XP level 8. HP: 76/76 MP: 3/23
     7 | D        | Reached XP level 9. HP: 82/82 MP: 3/24
     7 | D        | Reached XP level 10. HP: 89/89 MP: 3/25
     7 | D        | Reached XP level 11. HP: 95/95 MP: 3/26
     7 | D        | Reached XP level 12. HP: 102/102 MP: 3/27
     8 | D        | Noticed a bag of meat
     8 | D        | Killed a bag of meat
     8 | D        | Reached * piety under Makhleb
     8 | D        | Reached skill level 14 in Fighting
     8 | D        | Reached skill level 13 in Axes
     8 | D        | Reached skill level 12 in Dodging
     8 | D        | Reached skill level 16 in Stealth
     8 | D        | Reached skill level 13 in Spellcasting
     8 | D        | Reached skill level 13 in Summonings
     8 | D        | Reached skill level 15 in Invocations
     8 | D        | Reached XP level 13. HP: 113/113 MP: 3/30
     9 | D        | Noticed a meat berserker
    10 | D        | Killed a bag of meat
    10 | D        | Reached skill level 15 in Fighting
    10 | D        | Reached skill level 14 in Axes
    10 | D        | Reached skill level 13 in Dodging
    10 | D        | Reached skill level 17 in Stealth
    10 | D        | Reached skill level 14 in Spellcasting
    10 | D        | Reached skill level 14 in Summonings
    10 | D        | Reached skill level 16 in Invocations
    10 | D        | Reached XP level 14. HP: 123/123 MP: 3/32
    11 | D        | Noticed a meat berserker
    12 | D        | Noticed a large bag of meat
    12 | D        | Noticed a bag of meat
    12 | D        | Noticed a bag of meat
    12 | D        | Noticed a bag of meat
    13 | D        | Noticed a bag of meat
    13 | D        | Noticed a bag of meat
    13 | D        | Noticed a bag of meat
    13 | D        | Noticed a meat berserker
    13 | D        | Noticed a meat berserker
    13 | D        | Noticed a bag of meat
    13 | D        | Noticed a bag of meat
    13 | D        | Noticed a bag of meat
    13 | D        | Noticed a meat berserker
    14 | D        | Noticed a bag of meat
    14 | D        | Noticed a large bag of meat
    14 | D        | Noticed a bag of meat
    14 | D        | Killed a meat berserker
    14 | D        | Reached skill level 17 in Fighting
    14 | D        | Reached skill level 16 in Axes
    14 | D        | Reached skill level 15 in Dodging
    14 | D        | Reached skill level 20 in Stealth
    14 | D        | Reached skill level 16 in Spellcasting
    14 | D        | Reached skill level 16 in Summonings
    14 | D        | Reached skill level 18 in Invocations
    14 | D        | Reached XP level 15. HP: 31/134 MP: 4/35
    14 | D        | Killed a meat berserker
    14 | D        | Reached ** piety under Makhleb
    14 | D        | Reached skill level 18 in Fighting
    14 | D        | Reached skill level 17 in Axes
    14 | D        | Reached skill level 16 in Dodging
    14 | D        | Reached skill level 21 in Stealth
    14 | D        | Reached skill level 17 in Spellcasting
    14 | D        | Reached skill level 17 in Summonings
    14 | D        | Reached skill level 20 in Invocations
    14 | D        | Reached XP level 16. HP: 116/145 MP: 4/37
    14 | D        | Killed a meat berserker
    14 | D        | Reached skill level 20 in Fighting
    14 | D        | Reached skill level 18 in Axes
    14 | D        | Reached skill level 17 in Dodging
    14 | D        | Reached skill level 23 in Stealth
    14 | D        | Reached skill level 18 in Spellcasting
    14 | D        | Reached skill level 19 in Summonings
    14 | D        | Reached skill level 21 in Invocations
    14 | D        | Reached XP level 17. HP: 125/155 MP: 4/39
    16 | D        | Reached skill level 19 in Axes
    16 | D        | Reached skill level 18 in Dodging
    16 | D        | Reached skill level 19 in Spellcasting
    16 | D        | Reached skill level 22 in Invocations
    16 | D        | Annihilated by a meat berserker

Vanquished Creatures
  3 ogres (D)
  4 orcs (D)
7 creatures vanquished.
